 Dungeon Crawl Stone Soup version 0.19.0-19-g8c6edcc (console) character file.

206 OvidiusNaso the Shooter (level 5, -7/36 HPs)
             Began as a High Elf Hunter on Nov 15, 2016.
             Mangled by Capuchin's ghost (8 damage)
             ... on level 4 of the Dungeon.
             The game lasted 00:19:27 (2266 turns).

OvidiusNaso the Shooter (High Elf Hunter)           Turns: 2266, Time: 00:19:29

Health: -7/36      AC:  4    Str: 11    XL:     5   Next: 53%
Magic:  6/6        EV: 13    Int: 15    God:
Gold:   89         SH:  0    Dex: 16    Spells: 0 memorised, 4 levels left

rFire  + . .     SeeInvis .     a - +1 shortbow
rCold  + . .     Gourm    .     c - +0 leather armour
rNeg   . . .     Faith    .     (shield currently unavailable)
rPois  +         Spirit   .     (no helmet)
rElec  +         Reflect  .     (no cloak)
rCorr  +         Harm     .     m - +0 pair of gloves
MR     .....                    (no boots)
Stlth  ++........               (no amulet)
                                (no ring)
                                (no ring)

@: resistant
A: no striking features
a: no special abilities


You were on level 4 of the Dungeon.
You were not hungry.

You visited 1 branch of the dungeon, and saw 4 of its levels.

You collected 89 gold pieces.

Inventory:

Hand Weapons
 a - a +1 shortbow (weapon)
 b - a +0 short sword
Missiles
 d - 23 arrows (quivered)
 g - 21 sling bullets
 r - 8 javelins
Armour
 c - a +0 leather armour (worn)
 m - a +0 pair of gloves (worn)
 n - a +0 scale mail
 p - a +0 ring mail
 s - a +0 robe
 t - a +0 pair of gloves
Scrolls
 h - a scroll of remove curse {unknown}
 i - 2 scrolls of noise {unknown}
 k - 2 scrolls of teleportation {unknown}
 o - a scroll of fear {unknown}
 q - 2 scrolls of identify {unknown}
 u - a scroll of amnesia {unknown}
Potions
 j - a potion of curing {unknown}
 l - a potion of berserk rage {unknown}
 v - a potion of cure mutation {unknown}
Comestibles
 f - 3 bread rations


   Skills:
 - Level 3.1 Fighting
 + Level 2.7 Short Blades
 * Level 7.2 Bows
 - Level 3.0 Dodging
 - Level 1.1 Stealth


You had 4 spell levels left.
You didn't know any spells.

Dungeon Overview and Level Annotations

Branches:
Dungeon (4/15)
 Temple: D:4-7

Altars:
Trog

Annotations:
D:4 Capuchin's ghost, amateur MiFi


Message History

Capuchin's ghost is lightly damaged.
Capuchin's ghost hits you!
Firing (i - inventory. (,) - cycle):
d - 25 arrows (quivered)
Press: ? - help, Shift-Dir - straight line, f/p - Capuchin's ghost
Aim: Capuchin's ghost (lightly damaged)
You shoot an arrow.
The arrow closely misses Capuchin's ghost.
Capuchin's ghost hits you.
* * * LOW HITPOINT WARNING * * *
Firing (i - inventory. (,) - cycle):
d - 24 arrows (quivered)
Press: ? - help, Shift-Dir - straight line, f/p - Capuchin's ghost
Aim: Capuchin's ghost (lightly damaged)
You shoot an arrow. The arrow hits Capuchin's ghost!
Capuchin's ghost is moderately damaged.
Capuchin's ghost hits you!
* * * LOW HITPOINT WARNING * * *
It was a potion of resistance.
You feel protected. Capuchin's ghost hits you!
You die...

# #. ###.
#(...
#....####
#..((...#
#W@.#
#...........#
#.#...........
###...###...
.(( ##### ..
... . .(( .(#
o.# .o# #(#


You could see Capuchin's ghost.

Vanquished Creatures
  2 orc priests (D:3)
  An orc wizard (D:3)
  3 adders
  An ooze (D:3)
  4 worms
  3 dart slugs (D:1)
  A leopard gecko (D:1)
  5 orcs
  6 giant cockroaches
  8 goblins
  8 hobgoblins
  4 jackals (D:1)
  A quokka (D:2)
  A ball python (D:3)
  5 bats (D:1)
  6 frilled lizards
  2 kobolds
  6 rats
67 creatures vanquished.

Notes
Turn   | Place    | Note
-------+----------+-------------------------------------------
     0 | D:1      | OvidiusNaso the High Elf Hunter began the quest for the Orb.
     0 | D:1      | Reached XP level 1. HP: 14/14 MP: 2/2
   140 | D:1      | Reached XP level 2. HP: 15/19 MP: 3/3
   291 | D:1      | Reached XP level 3. HP: 5/25 MP: 4/4
   322 | D:1      | Reached skill level 1 in Short Blades
   374 | D:1      | Reached skill level 6 in Bows
  1250 | D:2      | Reached XP level 4. HP: 30/30 MP: 5/5
  1370 | D:2      | Found a bloodstained altar of Trog.
  1708 | D:3      | Reached XP level 5. HP: 17/36 MP: 6/6
  2207 | D:4      | Reached skill level 7 in Bows
  2259 | D:4      | Noticed Capuchin's ghost (amateur MiFi)
  2265 | D:4      | HP: 1/36 [Capuchin's ghost (7)]
  2266 | D:4      | Mangled by Capuchin's ghost

Skill      XL: |  1  2  3  4  5 |
---------------+----------------+-----
Short Blades   | 1 2 |  2.7
Bows           | 6 7 |  7.2
Fighting       | 3 |  3.1
Dodging        | 3 |  3.0
Stealth        | |  1.1

Action                   |  1- 3 |  4- 6 || total
-------------------------+-------+-------++-------
Melee: Short sword       |    36 |       ||    36
       Club              |     2 |       ||     2
 Fire: Shortbow          |    98 |    75 ||   173
  Use: Potion            |       |     1 ||     1
 Stab: Sleeping          |     1 |       ||     1
  Eat: Bread ration      |       |     1 ||     1
Armor: Leather armour    |    24 |     1 ||    25
Dodge: Dodged            |    54 |    12 ||    66
